 Dungeon Crawl Stone Soup version 0.22.1-2-g9c5b331383 (webtiles) character file.

98754 LoNine the Geomancer (level 16, 97/97 HPs)
             Began as a Gargoyle Earth Elementalist on Nov 21, 2018.
             Was an Elder of Sif Muna.
             Quit the game on level 15 of the Dungeon on Nov 22, 2018.
             The game lasted 04:39:45 (47337 turns).

LoNine the Geomancer (Gargoyle Earth Elementalist) Turns: 47337, Time: 04:39:46

Health: 97/97      AC: 23    Str: 13    XL:     16   Next: 23%
Magic:  27/27      EV: 15    Int: 22    God:    Sif Muna [****..]
Gold:   1073       SH:  6    Dex: 10    Spells: 0/36 levels left

rFire    . . .     SeeInvis .   q - staff of wizardry
rCold    . . .     Gourm    .   J - +2 buckler
rNeg     + . .     Faith    .   e - +1 robe {Archmagi}
rPois    ∞         Spirit   .   f - +0 hat
rElec    +         Reflect  .   s - +0 cloak
rCorr    .         Harm     .   h - +1 pair of gloves
MR       +....                  x - +0 pair of boots
Stlth    ++........             (no amulet)
HPRegen  0.26/turn              l - +3 ring of protection
MPRegen  0.20/turn              I - ring of wizardry

@: divine energy
A: big wings, blurry vision 1, low mp 1, negative energy resistance 1,
electricity resistance, unbreathing, petrification resistance, rot immunity, AC
+12
a: Fly, Stop Divine Energy, Channel Magic, Forget Spell, Renounce Religion


You were on level 15 of the Dungeon.
You worshipped Sif Muna.
Sif Muna was greatly pleased with you.
You were not hungry.

You visited 5 branches of the dungeon, and saw 25 of its levels.

You collected 2815 gold pieces.
You spent 1742 gold pieces at shops.

Inventory:

Missiles
 b - 170 stones (quivered)
Armour
 e - a +1 robe of the Archmagi (worn)
 f - a +0 hat (worn)
 h - a +1 pair of gloves (worn)
 s - a +0 cloak (worn)
 x - a +0 pair of boots (worn)
 A - a +2 robe of magic resistance
 J - a +2 buckler (worn)
Magical Staves
 q - an uncursed staff of wizardry (weapon)
Jewellery
 c - an uncursed ring of stealth
 l - a +3 ring of protection (left hand)
 z - an uncursed amulet of guardian spirit
 E - an uncursed ring of protection from cold
 H - the ring "Zuimue" {*Tele *Contam +Blink Dex+2 Stlth+}
   (You found it on level 14 of the Dungeon)

   [ring of teleportation]

   It may teleport you next to monsters.
   It affects your dexterity (+2).
   It lets you blink.
   It causes magical contamination when unequipped.
   It makes you more stealthy.
 I - a ring of wizardry (right hand)
 O - an uncursed ring of resist corrosion {unknown}
 R - an uncursed ring of positive energy
Wands
 a - a wand of flame (116)
 m - a wand of random effects (40)
 n - a wand of polymorph (23)
 t - a wand of paralysis (6)
 w - a wand of clouds (4)
 K - a wand of disintegration (9)
Scrolls
 d - 8 scrolls of teleportation
 j - a scroll of fog
 o - 7 scrolls of immolation
 v - a scroll of torment {unknown}
 y - 11 scrolls of remove curse
 B - 3 scrolls of enchant weapon
 L - a scroll of blinking
 M - a scroll of identify
 N - a scroll of acquirement
Potions
 g - 4 potions of agility
 i - a potion of ambrosia
 k - a potion of resistance
 p - 4 potions of curing
 r - 3 potions of might {unknown}
 u - 2 potions of lignification {unknown}
 D - a potion of mutation {unknown}
 F - 2 potions of brilliance
 G - 3 potions of flight {unknown}
 P - 2 potions of cancellation {unknown}
Comestibles
 C - 7 rations


   Skills:
 + Level 10.2 Fighting
   Level 7.3(7.6) Maces & Flails
 - Level 2.5(5.3) Staves
 - Level 8.7 Armour
 + Level 8.2 Dodging
 - Level 2.1 Stealth
 - Level 4.0 Shields
 + Level 10.7 Spellcasting
 - Level 10.7 Conjurations
 + Level 6.7 Necromancy
 - Level 0.7 Transmutations
 + Level 4.8 Fire Magic
   Level 1.3 Air Magic
 + Level 12.4 Earth Magic
 + Level 5.2 Invocations
 - Level 8.6 Evocations


You couldn't memorise any spells.
You knew the following spells:

 Your Spells              Type           Power        Failure   Level  Hunger
a - Iron Shot             Conj/Erth      #######...   2%          6    ######.
b - Stone Arrow           Conj/Erth      ######       1%          3    None
c - Lee's Rapid Deconstr  Erth           #######...   1%          5    ####...
d - Petrify               Tmut/Erth      ######..     1%          4    #......
e - Passwall              Tmut/Erth      ######..     1%          2    None
f - Borgnjor's Vile Clut  Necr/Erth      ######....   1%          5    ####...
g - Throw Icicle          Conj/Ice       ######..     1%          4    #......
i - Blink                 Tloc           N/A          2%          2    None
j - Slow                  Hex            ###.....     2%          2    None
k - Conjure Flame         Conj/Fire      ######..     1%          3    None

Your spell library contained the following spells:

 Spells                   Type           Power        Failure   Level  Hunger
 Animate Skeleton         Necr           N/A          1%          1    None
 Beastly Appendage        Tmut           ###...       1%          1    None
 Confusing Touch          Hex            ###...       1%          1    None
 Corona                   Hex            ###....      1%          1    None
 Flame Tongue             Conj/Fire      #####        1%          1    None
 Freeze                   Ice            ###.         1%          1    None
 Infusion                 Chrm           ###.         1%          1    None
 Sandblast                Erth           ######       1%          1    None
 Poisonous Vapours        Pois/Air       ###...       1%          2    None
 Searing Ray              Conj           ######       1%          2    None
 Sticks to Snakes         Tmut           ###.....     1%          2    None
 Swiftness                Chrm/Air       ###.....     1%          2    None
 Throw Flame              Conj/Fire      ######       1%          2    None
 Inner Flame              Hex/Fire       ####....     1%          3    None
 Mephitic Cloud           Conj/Pois/Air  #####...     1%          3    None
 Regeneration             Chrm/Necr      #####.....   1%          3    None
 Animate Dead             Necr           N/A          1%          4    #......
 Iskenderun's Mystic Bla  Conj           ######..     1%          4    #......
 Leda's Liquefaction      Hex/Erth       ######....   1%          4    #......
 Sticky Flame             Conj/Fire      ######..     1%          4    #......
 Bolt of Magma            Conj/Fire/Erth ######....   1%          5    ####...
 Fireball                 Conj/Fire      ######....   1%          5    ####...
 Ensorcelled Hibernation  Hex/Ice        ###...       2%          2    None
 Shroud of Golubria       Chrm/Tloc      ###.......   2%          2    None
 Song of Slaying          Chrm           ###.....     2%          2    None
 Ignite Poison            Fire/Tmut/Pois ####....     2%          3    None
 Confuse                  Hex            ###.....     4%          3    None
 Gell's Gravitas          Tloc           ###.......   4%          3    None
 Lesser Beckoning         Tloc           ###.......   4%          3    None
 Ozocubu's Armour         Chrm/Ice       ###.....     4%          3    None
 Portal Projectile        Hex/Tloc       ###...       4%          3    None
 Spectral Weapon          Hex/Chrm       ###.....     4%          3    None
 Teleport Other           Tloc           ###.....     4%          3    None
 Irradiate                Conj/Tmut      ######....   4%          5    ####...
 Iskenderun's Battlesphe  Conj/Chrm      ######..     4%          5    ####...
 Ice Form                 Ice/Tmut       ###.....     13%         4    #......
 Cause Fear               Hex            ###.......   16%         4    #......
 Passage of Golubria      Tloc           N/A          16%         4    #......
 Summon Ice Beast         Ice/Summ       ###.....     16%         4    #......
 Poison Arrow             Conj/Pois      ######....   24%         6    ######.
 Silence                  Hex/Air        ###.......   28%         5    ####...
 Yara's Violent Unravell  Hex/Tmut       ###.......   32%         5    ####...
 Metabolic Englaciation   Hex/Ice        ###.......   36%         5    ####...
 Freezing Cloud           Conj/Ice/Air   #####.....   38%         6    ######.
 Hydra Form               Tmut           ###.......   82%         6    ######.
 Darkness                 Hex            ###.......   88%         6    ######.
 Invisibility             Hex            ###.....     88%         6    ######.
 Shadow Creatures         Summ           N/A          88%         6    ######.
 Ring of Flames           Chrm/Fire      ####......   98%         7    #######
 Shatter                  Erth           #######...   100%        9    #######
 Statue Form              Tmut/Erth      Unusable     N/A         6    N/A

Dungeon Overview and Level Annotations

Branches:
Dungeon (15/15)            Temple (1/1) D:7            Lair (6/6) D:9
 Shoals (0/4) Lair:3        Snake (0/4) Lair:4        Slime (0/5) Lair:5
    Orc (2/2) D:11            Elf (0/3) Orc:2        Vaults (0/5) D:13
 Depths (1/5) D:15

Altars:
Ashenzari
Cheibriados
Dithmenos
Elyvilon
Fedhas
Gozag
Hepliaklqana
Kikubaaqudgha
Makhleb
Nemelex Xobeh
Okawaru
Qazlal
Ru
Sif Muna
Trog
Uskayaw
Vehumet
Wu Jian
Xom
Yredelemnul
Zin
The Shining One
Beogh

Shops:
D:11 :   D:15 %   Orc:2 (*[:

Annotations:
D:12 2 transporters, timez0r's ghost, journeyman MiBe


Innate Abilities, Weirdness & Mutations

You are resistant to torment.
Your stone body is resilient. (AC +12)
You are immune to poison.
Your large and strong wings let you fly indefinitely.
You resist negative energy. (rN+)
You are resistant to electric shocks. (rElec)
You can survive without breathing.
You are immune to petrification.
You are immune to rotting.
Scrolls take you a little longer to read.
Your magical capacity is low. (-10% MP)


Message History

Things that are here:
a scroll of noise; a scimitar of flaming Search for what [Enter for "ring", or ? for help]? artifact Unknown command.
Unknown command.
Unknown command.
Unknown command.
Unknown command.
Unknown command.
Unknown command.
Unknown command.
Save game and exit?
Welcome back, LoNine the Gargoyle Earth Elementalist.
Sif Muna whispers: I know many secrets...
Press ? for a list of commands and other information.
Autopickup is now off.
Unknown command.
Quiver which item? (- for none, * to show all) (? for menu, Esc to quit)
Okay, then.
Are you sure you want to abandon this character and quit the game? (Confirm

♣..##................#....##.....
...##................#....##.....
∩♣.##................#...........
.#######....##.#######...........
♣......#....##.##....########....
.......#....................#.###
.......#....................#.# #
.......#....................#.# #
.#####.#........@...........#.# #
.#####.#....................#.###
.......#...##..####.?.......#....
.....########..####.........#....
###..# #...............#....
.....# #...............'....
.....# #...............#....
.....# #...............#....
.....# ###########.........#....


There were no monsters in sight!

Vanquished Creatures
  Roxanne (D:15)
  An orc warlord (D:11)
  6 dire elephants (Lair:6)
  Snorg (D:11)
  3 fire dragons (D:15)
  A rakshasa (D:15)
  Erolcha (D:11)
  8 vault guards (D:13)
  6 hydras
  4 centaur warriors
  An anaconda (Lair:6)
  11 two-headed ogres
  A catoblepas (Lair:3)
  An orc high priest (D:11)
  An ogre mage (D:15)
  A fire crab (Lair:6)
  2 unseen horrors
  Pikel (D:5)
  A deep elf mage (D:12)
  An orc knight (Orc:1)
  10 orc sorcerers
  17 ugly things
  A wolf spider zombie (D:15)
  5 cyclopes
  6 manticores
  4 black mambas
  Maurice (D:8)
  9 elephants
  3 kobold demonologists
  10 spiny frogs
  6 centaur skeletons
  2 efreet (D:15)
  6 komodo dragons
  8 trolls
  4 polar bears (Lair:6)
  13 blink frogs
  12 slime creatures
  A meliai zombie (D:15)
  10 hippogriffs
  Sigmund (D:6)
  The ghost of potatolover the Ruffian, an amateur TrMo (D:3)
  2 wraiths
  A fire bat (shapeshifter) (D:13)
  3 hogs (D:12)
  A human (D:12)
  41 yaks
  Grum (D:11)
  2 vampires (D:12)
  3 hungry ghosts
  2 basilisks
  Menkaure (D:6)
  3 nagas (Lair:4)
  10 wargs
  A soldier ant (D:12)
  19 water moccasins
  Duvessa (D:5)
  2 acid dragons
  6 porcupines
  4 black bears
  24 orc warriors
  3 ice beasts
  3 sky beasts
  2 phantoms
  A necrophage (D:12)
  13 ogres
  7 crocodiles
  5 wolves
  15 centaurs
  4 big kobolds
  24 bullfrogs
  A wyvern skeleton (D:13)
  A killer bee (D:5)
  Dowan (D:6)
  2 scorpions
  13 wights (D:9)
  3 electric eels (D:10)
  6 howler monkeys
  4 jellies
  2 bullfrog zombies
  2 centaur zombies
  2 quasits
  5 crimson imps
  24 orc priests
  3 hounds
  42 orc wizards
  Crazy Yiuf (D:6)
  3 bullfrog skeletons
  3 iguanas
  Ijyb (D:5)
  14 worker ants
  Robin (D:3)
  3 gnolls (D:10)
  14 adders
  4 shadow imps
  6 oozes
  A worm (D:2)
  3 dart slugs
  6 leopard geckos
  107 orcs
  7 bats
  3 giant cockroaches
  19 goblins
  10 hobgoblins
  23 jackals
  20 kobolds
  3 quokkas
  2 ball pythons
  7 frilled lizards
  A leopard gecko skeleton (D:6)
  A leopard gecko zombie (D:5)
  A quokka skeleton (D:4)
  A quokka zombie (D:5)
  12 rats
  A fungus (D:8)
  6 plants (Lair:6)
782 creatures vanquished.

Vanquished Creatures (others)
  A water moccasin (Lair:5)
  A jelly (D:5)
  An orc wizard (Orc:2)
  A quokka (D:5)
  3 bushes
  10 fungi
  22 plants
39 creatures vanquished.

Grand Total: 821 creatures vanquished

Notes
Turn   | Place    | Note
-------+----------+-------------------------------------------
     0 | D:1      | LoNine the Gargoyle Earth Elementalist began the quest for
                  | the Orb.
     0 | D:1      | Reached XP level 1. HP: 10/10 MP: 3/3
   133 | D:1      | Reached XP level 2. HP: 13/15 MP: 3/5
   158 | D:1      | Reached skill level 4 in Earth Magic
   758 | D:1      | Reached XP level 3. HP: 19/19 MP: 6/6
  1420 | D:2      | Found an iron altar of Okawaru.
  1445 | D:2      | Reached XP level 4. HP: 6/24 MP: 2/8
  1668 | D:2      | Learned a level 3 spell: Stone Arrow
  1762 | D:2      | Found a stormy altar of Qazlal.
  1772 | D:2      | Reached skill level 5 in Earth Magic
  2726 | D:3      | Reached XP level 5. HP: 28/28 MP: 0/10
  2776 | D:3      | Noticed Robin
  2796 | D:3      | Killed Robin
  2921 | D:3      | Found a sparkling altar of Nemelex Xobeh.
  3101 | D:3      | Found a runed door.
  3102 | D:3      | Noticed potatolover's ghost (amateur TrMo)
  3227 | D:3      | Learned a level 5 spell: Lee's Rapid Deconstruction
  3612 | D:4      | Reached skill level 6 in Earth Magic
  3612 | D:4      | Reached XP level 6. HP: 32/32 MP: 4/12
  4534 | D:4      | Identified the Papyrus of Ghastly Transmutation
  4987 | D:5      | Entered Level 5 of the Dungeon
  4987 | D:5      | Found a glowing golden altar of the Shining One.
  4987 | D:5      | Noticed a water moccasin
  4992 | D:5      | Killed a water moccasin
  4992 | D:5      | Reached skill level 1 in Conjurations
  4992 | D:5      | Reached skill level 7 in Earth Magic
  4992 | D:5      | Reached XP level 7. HP: 30/36 MP: 2/14
  4993 | D:5      | Found a bloodstained altar of Trog.
  4993 | D:5      | Found a shadowy altar of Dithmenos.
  4994 | D:5      | Found a hide-covered altar of Uskayaw.
  5114 | D:5      | Found a white marble altar of Elyvilon.
  5140 | D:5      | Reached skill level 5 in Spellcasting
  5674 | D:5      | Noticed Pikel
  5681 | D:5      | Killed Pikel
  5681 | D:5      | Reached skill level 5 in Conjurations
  5681 | D:5      | Reached skill level 8 in Earth Magic
  5681 | D:5      | Reached XP level 8. HP: 40/41 MP: 4/16
  5704 | D:5      | Noticed Ijyb
  5772 | D:5      | Killed Ijyb
  6324 | D:6      | Noticed Duvessa
  6621 | D:6      | Noticed Dowan
  6895 | D:6      | Killed Dowan
  7095 | D:5      | Killed Duvessa
  7095 | D:5      | Reached XP level 9. HP: 27/46 MP: 1/18
  7273 | D:5      | Reached skill level 1 in Fighting
  7273 | D:5      | Reached skill level 1 in Armour
  7493 | D:6      | Reached skill level 1 in Maces & Flails
  7669 | D:6      | Reached skill level 1 in Evocations
  7684 | D:6      | Found a runed door.
  7703 | D:6      | Noticed Crazy Yiuf
  7706 | D:6      | Killed Crazy Yiuf
  7798 | D:6      | Noticed Sigmund
  7800 | D:6      | Killed Sigmund
  7988 | D:6      | Noticed Menkaure
  7994 | D:6      | Killed Menkaure
  8458 | D:7      | Reached skill level 9 in Earth Magic
  8747 | D:7      | Learned a level 4 spell: Petrify
  8901 | D:7      | Got an ebony flail
  8902 | D:7      | Identified the cursed +0 flail of Exoneration {freeze,
                  | +Rage rF+ Dex+5} (You found it on level 7 of the Dungeon)
  9293 | D:7      | Found a staircase to the Ecumenical Temple.
  9422 | D:3      | Killed potatolover's ghost
  9717 | Temple   | Entered the Ecumenical Temple
  9803 | Temple   | Became a worshipper of Sif Muna the Loreminder
  9829 | D:7      | Reached XP level 10. HP: 55/55 MP: 16/20
  9939 | D:7      | Found a shattered altar of Ashenzari.
 10605 | D:8      | Found a sacrificial altar of Ru.
 10649 | D:8      | Learned a level 2 spell: Passwall
 10873 | D:8      | Noticed Maurice
 10913 | D:8      | Killed Maurice
 11664 | D:9      | Found a staircase to the Lair.
 12012 | D:9      | Found a radiant altar of Vehumet.
 12164 | D:9      | Found an ancient bone altar of Kikubaaqudgha.
 12807 | D:10     | Entered Level 10 of the Dungeon
 12952 | D:9      | Reached * piety under Sif Muna
 13611 | D:10     | Reached skill level 10 in Earth Magic
 13643 | D:10     | Reached XP level 11. HP: 49/62 MP: 0/22
 14346 | D:9      | Reached ** piety under Sif Muna
 14655 | D:10     | Reached skill level 5 in Armour
 14976 | D:11     | Noticed a purple ugly thing
 15032 | D:11     | Found Vivogg's Book Emporium.
 15037 | D:11     | Bought the Tome of Protection for 617 gold pieces
 15040 | D:11     | Learned a level 2 spell: Swiftness
 15044 | D:11     | Learned a level 3 spell: Regeneration
 15095 | D:11     | Noticed a two-headed ogre
 15195 | D:11     | Reached skill level 5 in Fighting
 15488 | D:11     | Killed a two-headed ogre
 15576 | D:11     | Killed a purple ugly thing
 15708 | D:11     | Reached skill level 1 in Necromancy
 15756 | D:11     | Noticed a cyan ugly thing
 15783 | D:11     | Killed a cyan ugly thing
 15836 | D:11     | Noticed Grum
 15841 | D:11     | Killed Grum
 16199 | D:11     | Reached skill level 5 in Maces & Flails
 16364 | D:11     | Found a staircase to the Orcish Mines.
 16620 | D:11     | Noticed a two-headed ogre
 16639 | D:11     | Killed a two-headed ogre
 16639 | D:11     | Reached XP level 12. HP: 69/69 MP: 0/24
 17035 | Lair:1   | Entered Level 1 of the Lair of Beasts
 17066 | Lair:1   | Noticed a five-headed hydra
 17284 | Lair:1   | Reached *** piety under Sif Muna
 17284 | Lair:1   | Reached skill level 5 in Dodging
 17284 | Lair:1   | Reached skill level 5 in Evocations
 17676 | Lair:1   | Noticed a seven-headed hydra
 17697 | Lair:1   | Killed a seven-headed hydra
 18494 | Lair:2   | Reached skill level 11 in Earth Magic
 18976 | Lair:1   | Killed a five-headed hydra
 20003 | Lair:3   | Found a staircase to the Shoals.
 20164 | Lair:3   | Noticed a catoblepas
 20217 | Lair:3   | Killed a catoblepas
 20648 | Lair:4   | Noticed a seven-headed hydra
 20652 | Lair:4   | Killed a seven-headed hydra
 20687 | Lair:4   | Found a staircase to the Snake Pit.
 20956 | Lair:4   | Got an ichor-stained scale mail
 20957 | Lair:4   | Identified the +10 scale mail "Ripneic" {rCorr} (You found
                  | it on level 4 of the Lair of Beasts)
 21510 | Lair:5   | Found a staircase to the Slime Pits.
 21521 | Lair:5   | Reached **** piety under Sif Muna
 21573 | Lair:5   | Reached XP level 13. HP: 63/76 MP: 0/25
 22095 | Lair:5   | Learned a level 4 spell: Leda's Liquefaction
 23413 | Lair:6   | Entered Level 6 of the Lair of Beasts
 25259 | Lair:6   | Reached skill level 10 in Conjurations
 25278 | Lair:6   | Got a polished chain mail
 25527 | Lair:6   | Reached skill level 1 in Shields
 26204 | Lair:6   | Noticed a dire elephant
 26204 | Lair:6   | Noticed a dire elephant
 26212 | Lair:6   | Noticed a dire elephant
 26231 | Lair:6   | Noticed a dire elephant
 26575 | Lair:6   | Noticed a dire elephant
 26637 | Lair:6   | Killed a dire elephant
 26637 | Lair:6   | Reached skill level 12 in Earth Magic
 26739 | Lair:6   | Killed a dire elephant
 26739 | Lair:6   | Gained mutation: Your large and strong wings let you fly
                  | indefinitely. [Gargoyle growth]
 26739 | Lair:6   | Reached XP level 14. HP: 12/83 MP: 0/27
 27080 | Lair:6   | Killed a dire elephant
 27242 | Lair:6   | Noticed a dire elephant
 27303 | Lair:6   | Killed a dire elephant
 27529 | Lair:6   | Learned a level 2 spell: Blink
 28248 | Lair:5   | Learned a level 2 spell: Slow
 28322 | Lair:6   | Killed a dire elephant
 29002 | Lair:6   | Killed a dire elephant
 30186 | D:11     | Learned a level 3 spell: Conjure Flame
 30270 | Orc:1    | Entered Level 1 of the Orcish Mines
 30308 | Orc:1    | Noticed an orc warlord
 30538 | D:11     | Killed an orc warlord
 30538 | D:11     | Reached skill level 1 in Staves
 30961 | D:11     | Reached ***** piety under Sif Muna
 31105 | Orc:1    | Noticed Erolcha
 31213 | D:11     | Killed Erolcha
 31374 | Orc:1    | Identified Sif Muna's Incunabulum of Shifting Snow (Sif
                  | Muna gifted it to you on level 1 of the Orcish Mines)
 31374 | Orc:1    | Received a gift from Sif Muna
 31508 | Orc:1    | Noticed Snorg
 31718 | D:11     | Killed Snorg
 32094 | Orc:1    | Reached skill level 5 in Necromancy
 32340 | Orc:2    | Entered Level 2 of the Orcish Mines
 32964 | Orc:2    | Found a roughly hewn altar of Beogh.
 33294 | Orc:2    | Gained mutation: Your magical capacity is low. (-10% MP) [a
                  | neqoxec]
 34125 | Orc:2    | Reached skill level 1 in Air Magic
 34347 | Orc:2    | Found Cupawauj's Antique Weapon Boutique.
 34347 | Orc:2    | Found Ublitsol's General Store.
 34669 | Orc:2    | Paralysed by an orc sorcerer for 6 turns
 34681 | Orc:2    | Paralysed by an orc sorcerer for 5 turns
 35211 | Orc:2    | Paralysed by an orc sorcerer for 6 turns
 35432 | Orc:2    | Found a roughly hewn altar of Beogh.
 35502 | Orc:2    | Found Jigruitto's Armour Boutique.
 35502 | Orc:2    | Found Anwy's Book Emporium.
 35517 | Orc:2    | Bought a book of Dreams for 1125 gold pieces
 35637 | Orc:2    | Learned a level 5 spell: Borgnjor's Vile Clutch
 35779 | Orc:2    | Identified 2 scrolls of acquirement
 36052 | Orc:2    | Found a staircase to the Elven Halls.
 36856 | D:12     | Noticed a tengu reaver
 36858 | D:12     | Noticed a tengu reaver
 36860 | D:12     | Noticed timez0r's ghost (journeyman MiBe)
 36869 | D:12     | Reached skill level 1 in Invocations
 37060 | D:12     | Found a transporter.
 37063 | D:12     | Found a transporter.
 37178 | D:12     | Reached skill level 1 in Fire Magic
 37343 | D:12     | Reached XP level 15. HP: 61/89 MP: 14/26
 38286 | D:12     | Reached skill level 10 in Spellcasting
 39597 | D:13     | Found a gate to the Vaults.
 42228 | D:14     | Got a faintly glowing copper ring
 42252 | D:13     | Identified the ring "Zuimue" {*Tele *Contam +Blink Dex+2
                  | Stlth+} (You found it on level 14 of the Dungeon)
 43108 | D:15     | Entered Level 15 of the Dungeon
 43437 | D:15     | Found Xatipyntic's Food Boutique.
 44198 | D:15     | Learned a level 4 spell: Throw Icicle
 44218 | D:15     | Identified Sif Muna's Handbook of the Damaging Oath (Sif
                  | Muna gifted it to you on level 15 of the Dungeon)
 44218 | D:15     | Received a gift from Sif Muna
 44643 | D:15     | Noticed Roxanne
 44681 | D:15     | Reached skill level 10 in Fighting
 44698 | D:15     | Reached XP level 16. HP: 97/97 MP: 1/27
 45017 | D:15     | Gained mutation: Scrolls take you a little longer to read.
                  | [mutagenic glow]
 45170 | D:15     | Found a staircase to the Depths.
 45247 | D:15     | Reached skill level 5 in Invocations
 45496 | D:15     | Killed Roxanne
 45635 | D:15     | Learned a level 6 spell: Iron Shot
 46081 | Depths:1 | Entered Level 1 of the Depths
 46929 | D:15     | Found an iron altar of Okawaru.
 47337 | D:15     | Quit the game

Skill      XL: |  1  2  3  4  5  6  7  8  9 10 11 12 13 14 15 16 |
---------------+-------------------------------------------------+-----
Earth Magic    | 4 5 6 7 8 9 10 11 12 | 12.4
Spellcasting   | 3 4 5 6 7 8 9 10 | 10.7
Conjurations   | 1 5 6 7 8 9 10 | 10.7
Fighting       | 2 4 5 6 7 8 10 | 10.2
Armour         | 2 4 5 6 7 8 |  8.7
Maces & Flails | 2 4 5 6 7 |  7.3
Dodging        | 2 3 4 5 6 7 8 |  8.2
Evocations     | 2 3 4 5 6 7 8 |  8.6
Necromancy     | 1 3 4 5 6 |  6.7
Shields        | 2 4 |  4.0
Staves         | 2 |  2.5
Air Magic      | 1 |  1.3
Invocations    | 1 4 5 |  5.2
Fire Magic     | 1 4 |  4.8
Stealth        | |  2.1
Transmutations | |  0.7

Action                   |  1- 3 |  4- 6 |  7- 9 | 10-12 | 13-15 | 16-18 || total
-------------------------+-------+-------+-------+-------+-------+-------++-------
Melee: Short sword       |   130 |    26 |       |       |       |       ||   156
       Dagger            |       |   128 |     7 |       |       |       ||   135
       Flail             |       |       |    14 |   149 |    70 |       ||   233
       Whip              |       |       |    55 |       |       |       ||    55
       Mace              |       |       |    53 |       |       |       ||    53
       Staff             |       |       |       |       |   101 |     1 ||   102
 Cast: Sandblast         |    21 |    48 |    72 |   173 |   119 |     9 ||   442
       Stone Arrow       |       |    19 |    41 |   187 |   627 |    41 ||   915
       Lee's Rapid Decon |       |     4 |    21 |    33 |   110 |     9 ||   177
       Petrify           |       |       |     4 |    20 |    18 |       ||    42
       Passwall          |       |       |       |     9 |     1 |       ||    10
       Swiftness         |       |       |       |     1 |     1 |       ||     2
       Leda's Liquefacti |       |       |       |       |     5 |       ||     5
       Borgnjor's Vile C |       |       |       |       |    64 |     9 ||    73
       Blink             |       |       |       |       |     4 |     3 ||     7
       Conjure Flame     |       |       |       |       |     2 |       ||     2
       Slow              |       |       |       |       |     2 |       ||     2
       Regeneration      |       |       |       |       |     1 |       ||     1
       Throw Icicle      |       |       |       |       |     7 |       ||     7
       Iron Shot         |       |       |       |       |       |     6 ||     6
Invok: Divine Energy     |       |       |       |     1 |       |       ||     1
       Forget Spell      |       |       |       |       |     1 |     1 ||     2
 Abil: Fly               |       |       |       |       |     1 |       ||     1
       Stop Flying       |       |       |       |       |     1 |       ||     1
Evoke: Wand              |       |       |     2 |       |       |       ||     2
  Use: Scroll            |       |     8 |     6 |    13 |     9 |     3 ||    39
       Potion            |       |       |       |     4 |    18 |     3 ||    25
 Stab: Sleeping          |     4 |       |       |       |       |       ||     4
       Distracted        |       |     1 |       |       |       |       ||     1
       Petrified         |       |       |     4 |    16 |       |       ||    20
  Eat: Ration            |     1 |     1 |     3 |     4 |    23 |     3 ||    35
       Chunk             |       |     9 |    16 |    32 |    29 |     2 ||    88
Armor: Robe              |    44 |    37 |   100 |   178 |   449 |    34 ||   842
Dodge: Dodged            |    85 |   107 |   167 |   250 |   481 |    54 ||  1144
Block: Buckler           |       |       |       |       |    62 |    31 ||    93
